 Dungeon Crawl Stone Soup version 0.26.1-11-gd32895ea62 (webtiles) character file.

Game seed: 1376116427378310617

330 Zeld the Charlatan (level 6, -7/41 HPs)
             Began as an Octopode Artificer on May 16, 2021.
             Mangled by an ogre
             ... wielding a +0 giant spiked club
              (26 damage)
             ... on level 4 of the Dungeon.
             The game lasted 00:05:38 (6031 turns).

Zeld the Charlatan (Octopode Artificer)             Turns: 6031, Time: 00:05:39

Health: -7/41      AC:  1    Str: 13    XL:     6   Next: 51%
Magic:  6/6        EV: 14    Int: 14    God:
Gold:   73         SH:  0    Dex: 12    Spells: 5/5 levels left

rFire    . . .     SeeInvis .   a - +0 club
rCold    . . .     Faith    .   (no shield)
rNeg     . . .     Spirit   .   (helmet restricted)
rPois    .         Reflect  .   (no amulet)
rElec    .         Harm     .   (no ring)
rCorr    .         Rampage  .   (no ring)
Will     .....                  (no ring)
Stlth    +++.......             (no ring)
HPRegen  0.13/turn              (no ring)
MPRegen  0.10/turn              (no ring)
                                (no ring)
                                (no ring)

@: no status effects
A: almost no armour, stealthy swim, amphibious, 8 rings, constrict 8, camouflage
1, gelatinous body 1
a: no special abilities


You were on level 4 of the Dungeon.
You visited 1 branch of the dungeon, and saw 4 of its levels.

You collected 115 gold pieces.
You spent 42 gold pieces at shops.

Inventory:

Hand Weapons
 a - a +0 club (weapon)
Jewellery
 g - a +4 ring of protection {unknown}
 j - an uncursed ring of see invisible {unknown}
 r - an uncursed amulet of magic regeneration {unknown}
 t - an uncursed ring of poison resistance {unknown}
Wands
 b - a wand of flame (11) (quivered)
 c - a wand of enslavement (11)
 d - a wand of random effects (12)
Scrolls
 e - 2 scrolls of identify {unknown}
 f - 2 scrolls of amnesia {unknown}
 h - a scroll of fog {unknown}
 i - 5 scrolls of teleportation
 k - a scroll of blinking {unknown}
 p - a scroll of magic mapping {unknown}
 v - a scroll of immolation {unknown}
Potions
 l - a potion of curing {unknown}
 m - a potion of invisibility {unknown}
 n - a potion of degeneration {unknown}
 o - 4 potions of heal wounds {unknown}
 q - a potion of flight {unknown}
 s - a potion of mutation {unknown}
 u - 2 potions of berserk rage {unknown}


   Skills:
 + Level 2.6 Fighting
 * Level 3.4 Maces & Flails
 + Level 3.5 Dodging
 - Level 1.3 Stealth
 * Level 5.1 Evocations


You had 5 spell levels left.
You didn't know any spells.
Your spell library contained the following spells:

 Spells                   Type           Power        Failure   Level
 Corona                   Hex            0%           28%         1
 Magic Dart               Conj           0%           28%         1
 Blink                    Tloc           N/A          41%         2
 Call Imp                 Summ           0%           41%         2
 Ensorcelled Hibernation  Hex/Ice        0%           41%         2
 Slow                     Hex            0%           41%         2
 Confusing Touch          Hex            0%           65%         3
 Conjure Flame            Conj/Fire      0%           65%         3
 Dazzling Flash           Conj/Hex       0%           65%         3
 Mephitic Cloud           Conj/Pois/Air  0%           65%         3
 Tukima's Dance           Hex            0%           65%         3


Dungeon Overview and Level Annotations

Branches:
Dungeon (4/15)
 Temple: D:4-7

Altars:
Dithmenos
Qazlal

Shops:
D:4 }*!


Innate Abilities, Weirdness & Mutations

You cannot wear most types of armour.
You are very stealthy in the water. (Stealth+)
You are amphibious.
You can wear up to eight rings at the same time.
You can use your tentacles to constrict eight enemies at once.
Your skin changes colour to match your surroundings (Stealth+).
Your rubbery body absorbs attacks. (AC +1, EV +1)


Message History

Aim: an ogre, wielding a +0 giant spiked club (heavily wounded)
Okay, then.
Aiming: Enslavement
Press: ? - help, Shift-Dir - straight line, f - ogre
Aim: an ogre, wielding a +0 giant spiked club (heavily wounded, chance to affect: 62%)
The ogre resists with significant effort.
The ogre barely misses you.
Unknown command.
Aiming: Random Effects
Press: ? - help, Shift-Dir - straight line, f/p - ogre
Aim: an ogre, wielding a +0 giant spiked club (heavily wounded)
The ogre struggles to resist.
Unknown command.
Hit: a) +0 club
Press: ? - help, Dir - move target, f/p - ogre
Aim: an ogre, wielding a +0 giant spiked club (heavily wounded)
Okay, then.
The ogre hits you with a +0 giant spiked club!!
Ouch! That really hurt!
You die...

#.#......).# #....#.#
#.#........# ######.#
#.#......(.#####.##.#
#.................#.#
##.........##....##.#
#.[.......##.......#
##..#'############.#
#..#.# ### ##@#.#
#.O.# #...######
#........# #........#
#......(.# #........#
.........#
##..>.......


You could see an ogre.

Vanquished Creatures
  2 ogres
  An orc priest (D:4)
  2 orc wizards (D:4)
  4 adders
  An ufetubus (D:3)
  2 worms
  7 orcs (D:4)
  3 ball pythons
  6 bats
  2 giant cockroaches
  6 goblins
  4 hobgoblins (D:1)
  4 jackals (D:3)
  10 kobolds
  2 quokkas
  3 frilled lizards
  A leopard gecko skeleton (D:4)
  5 rats
65 creatures vanquished.

Vanquished Creatures (collateral kills)
  An orc (D:4)
1 creature vanquished.

Vanquished Creatures (others)
  An ogre (D:3)
  A worker ant (D:4)
2 creatures vanquished.

Grand Total: 68 creatures vanquished

Notes
Turn   | Place    | Note
-------+----------+-------------------------------------------
     0 | D:1      | Zeld the Octopode Artificer began the quest for the Orb.
     0 | D:1      | Reached XP level 1. HP: 13/13 MP: 1/1
   595 | D:1      | Reached XP level 2. HP: 18/18 MP: 2/2
   843 | D:1      | Reached skill level 1 in Maces & Flails
  1564 | D:2      | Reached XP level 3. HP: 20/23 MP: 3/3
  1778 | D:2      | Found a stormy altar of Qazlal.
  2514 | D:2      | Reached skill level 4 in Evocations
  2750 | D:3      | Reached XP level 4. HP: 15/28 MP: 4/4
  4051 | D:4      | Found Rycvesch's General Store.
  4074 | D:4      | Bought a scroll of teleportation for 42 gold pieces
  4158 | D:4      | Reached XP level 5. HP: 11/34 MP: 5/5
  4433 | D:4      | Noticed an ogre
  4443 | D:4      | Found Wowniliak's Gadget Boutique.
  4582 | D:4      | Found Weupal's Distillery.
  4587 | D:4      | Noticed an ogre
  4740 | D:3      | Killed an ogre
  5028 | D:4      | Noticed an ogre
  5037 | D:4      | Killed an ogre
  5038 | D:4      | Reached skill level 5 in Evocations
  5038 | D:4      | Reached XP level 6. HP: 8/41 MP: 6/6
  5433 | D:4      | Found a shadowy altar of Dithmenos.
  5523 | D:4      | HP: 2/41 [orc/+0 whip (2)]
  6031 | D:4      | Mangled by an ogre

Illustrated notes

Levels and vault maps discovered:
D:1:      lightli_iron_boxes, layout_basic
D:2:      layout_basic, grunt_qazlal_clouds, fountainhead
D:3:      layout_basic, serial_glass, glass_columns_a, glass_columns_b,
          glass_columns_c, glass_columns_a, glass_columns_a, glass_columns_a,
          glass_columns_b, glass_columns_a, glass_columns_a, glass_columns_a,
          grunt_ministairs_12
D:4:      layout_basic, nicolae_dithmenos_shadow_blocks, serial_shops,
          shop_fountains, shop_fountains, shop_fountains, eino_tiny_chamber

Skill      XL: |  1  2  3  4  5 |
---------------+----------------+-----
Maces & Flails | 1 2 3 |  3.4
Evocations     | 4 5 |  5.1
Dodging        | 3 |  3.5
Fighting       | 2 |  2.6
Stealth        | |  1.3

Action                   |  1- 3 |  4- 6 || total
-------------------------+-------+-------++-------
Melee: Club              |    91 |    96 ||   187
       Constrict         |    27 |    22 ||    49
       Tentacles         |    13 |    27 ||    40
Evoke: Wand              |       |    11 ||    11
 Stab: Sleeping          |     8 |     3 ||    11
Armor: Skin              |    13 |     9 ||    22
Dodge: Dodged            |    69 |    83 ||   152
